 BcadrenCrawl: Boulder Brew version 0.06-688-g08e91b2d95 (webtiles) character file.

Game seed: 14404319217787414813

12602 Leeroy the Markstengu (level 11, -6/105 HPs) Tengu Centaur. Began on Jan 24, 2023. Killed from afar by a blink frog (9 damage) ... with an its tongue ... on level 1 of the Lair of Beasts. The game lasted 00:24:48 (8617 turns).

Leeroy the Markstengu (Tengu Centaur)               Turns: 8617, Time: 00:24:49

Health: -6/105     AC:  5    Str: 21    XL:     11 ^: 3845
Magic:  21/21      EV: 18    Int: 13    God:
Gold:   278        SH:  0    Dex: 13    Spells: 10/10 levels left

rFire    . . .     Slash    x   a - +0 shortbow
rCold    . . .     Pierce   .   (also wielding the above weapon)
rNeg     . . .     Bludgeon .   I - +0 troll leather
rCorr    . . .     Vision   .   (helmet restricted)
rPois    .         Gourm    .   (no cloak)
rElec    .         Faith    +   (no gloves)
MR       .....     Spirit   .   (no barding)
HPRegen  0.85/turn Reflect  .   t - amulet of faith
MPRegen  0.31/turn Harm     .   e - ring of strength
Stlth    +.........             j - ring of magical power

@: lethally poisoned (-6 -> -7), flying quickly and evasively, very quick
A: large, beak, hippogriff form, talons, deformed body 1, speed 2, tengu flight,
soft flesh, AC +3
a: Stop Flying


You were on level 1 of the Lair of Beasts.
You were hungry.

You visited 3 branches of the dungeon, and saw 8 of its levels.

You collected 278 gold pieces.

Inventory:

Weapons
 a - a +0 shortbow (weapon)
 b - a +0 short sword
 z - a +0 long sword
 C - a +2 flail of holy wrath Shields
 i - a +2 heater shield of fire resistance
 v - a +2 targe of protection
 M - a +2 buckler of positive energy
Armour
 c - a +0 leather armour
 F - a +1 chain mail of magic resistance
 I - a +0 troll leather (worn)
Jewellery
 e - a ring of strength (left hand)
 j - a ring of magical power (right hand)
 q - an uncursed ring of wizardry
 t - an amulet of faith (around neck)
 u - a cursed ring of ice {(Curse: *Drain)}
 B - the ring of Javvary {+Fly Stlth-}
   (You took it off a gnoll on level 3 of the Dungeon)

   [ring of attention]

   It lets you fly.
   It makes you less stealthy.
 J - an uncursed amulet of guardian spirit
 L - a cursed ring of ice {(Curse: MR-)}
Wands
 l - a wand of random effects (22)
 r - a wand of flame (2)
Scrolls
 g - 2 scrolls of magic mapping
 k - a scroll of summoning
 n - a scroll of teleportation
 w - 2 scrolls of holy word
 y - a scroll of bless item
 H - 2 scrolls of vulnerability
Potions
 f - a potion of might
 h - 3 potions of agility
 o - 4 potions of brilliance
 p - a potion of beneficial mutation
 s - a potion of curing
 x - a potion of resistance
 D - a potion of decay
 E - a potion of mutation
 G - 2 potions of lignification
 K - a potion of ambrosia
Miscellaneous
 m - a lightning rod (4/4)
 A - a phial of floods
Comestibles
 d - 26 rations


   Skills:
 - Level 2.0 Fighting
 - Level 19.0 Bows
 + Level 10.4 Dodging
 - Level 1.0 Stealth


You had 10 spell levels left.
You didn't know any spells.
Your spell library was empty.

Dungeon Overview and Level Annotations

Branches:
Dungeon (6/8)              Temple (1/1) D:4            Lair (1/6) D:5
    Orc: D:6

Altars:
Ashenzari
Cheibriados
Dithmenos
Elyvilon
Fedhas Madash
Gozag Ym Sagoz
Hepliaklqana
Makhleb
Nemelex Xobeh
Qazlal
Ru
Sif Muna
Uskayaw
Wu Jian
Xom
Yredelemnul
Zin
The Shining One


Innate Abilities, Weirdness & Mutations

Your horsehide is resilient. (AC +3)
You have a beak for a mouth.
You have a hippogriff-like bottom half; talons in the front, hooves in the back.
Armour fits poorly on your strangely shaped body.
You cover ground very quickly.
You can fly continuously.
Your speed and evasion are boosted while flying.
Your soft flesh is weak to deep cuts.
Heavy manmade armour will nullify this weakness. (rSlashing-)


Message History

The black mamba dies!
You feel sick. (1)
You swap places.
A blink frog comes into view.
The blink frog blinks!
You swap places.
A bullfrog comes into view.
You feel sick. (1)
A blink frog comes into view.
The blink frog blinks!
Wield which item (- for none, * to show all)? (? for menu, Esc to quit)
a - a +0 shortbow (weapon)
You swap places.
You feel sick. (1)
You swap places.
The crocodile bites your wolf (10)!
The blink frog throws its tongue at you.
The its tongue misses your wolf. The blink frog's tongue lashes you (9)!
You are wrenched violently forward by the blink frog's tongue!
The blink frog bites you. The blink frog barely misses you.
You die...

###### ### ####
###.##P#######P###.#P##.
...............}.....F..
................>.§.§F..
.#.#####.....FSh.ht.....
.### #........hh.......
.# ##.......hht.F....
.## ##........@.......
..# #..........F†.....
.## ##................
.# #P................ .#
##................ .#
#................ .##
#....$........... ..#
#.........?.).... .##
##..........


You could see 3 blink frogs, a crocodile, a bullfrog, a friendly black mamba
(summoned), a friendly spiny frog (summoned), a friendly crocodile (summoned)
and 6 friendly wolves.

Vanquished Creatures
  A boulder beetle (Lair:1)
  A two-headed ogre (D:5)
  3 hydras (Lair:1)
  6 death yaks (D:5)
  Joseph (D:4)
  2 trolls (D:5)
  A rime drake (Lair:1)
  2 komodo dragons
  2 spiny frogs (Lair:1)
  Sigmund (D:3)
  3 hippogriffs
  A wyvern (D:6)
  Eustachio (D:3)
  5 yaks
  A phantom (D:3)
  A slime creature (D:5)
  3 water moccasins
  2 scorpions
  An orc warrior (D:5)
  2 black bears
  An ice beast (D:5)
  2 porcupines
  2 ogres
  6 crocodiles
  Blork the orc (D:2)
  2 big kobolds (D:2)
  A gnoll sergeant (D:5)
  2 howler monkeys (D:4)
  A llaibwca (D:4)
  Prince Ribbit (D:3)
  2 orc priests (D:4)
  4 hounds
  7 jellies (D:2)
  Jessica (D:2)
  3 iguanas
  A water moccasin zombie (D:4)
  3 worker ants
  A wyvern zombie (D:4)
  Natasha (thrice) (D:2)
  A water moccasin skeleton (D:4)
  3 giant cockroaches
  A boggart zombie (D:4)
  A porcupine skeleton (D:3)
  3 adders (D:2)
  10 gnolls
  A gwybwca (D:4)
  26 sewer rats (D:2)
  6 worms
  9 cinder newts
  4 oozes
  8 bullfrogs
  3 dart slugs
  6 leopard geckos
  4 orcs
  An adder skeleton (D:3)
  An adder zombie (D:5)
  3 ball pythons
  5 bats
  3 goblins (D:1)
  4 hobgoblins (D:1)
  3 jackals (D:3)
  12 kobolds
  A quokka (D:3)
  2 bat skeletons (D:2)
  A goblin skeleton (D:2)
  A leopard gecko skeleton (D:3)
  An orc skeleton (D:2)
  2 quokka skeletons (D:2)
  A rat skeleton (D:2)
  2 butterflies
  A withered plant (D:2)
214 creatures vanquished.

Vanquished Creatures (collateral kills)
  A black mamba (Lair:1)
1 creature vanquished.

Vanquished Creatures (others)
  3 slimehead skeletons (D:6)
  A puffer fish skeleton (D:6)
  55 withered plants (D:2)
59 creatures vanquished.

Grand Total: 274 creatures vanquished

Notes
Turn   | Place    | Note
-------+----------+-------------------------------------------
     0 | D:1      | Leeroy the Tengu Centaur began the quest for the Orb.
     0 | D:1      | Reached XP level 1. HP: 24/24 MP: 2/2
    26 | D:1      | Reached skill level 5 in Bows
    41 | D:1      | Reached XP level 2. HP: 28/32 MP: 3/3
   125 | D:1      | Reached skill level 6 in Bows
   131 | D:1      | Reached XP level 3. HP: 40/40 MP: 4/4
   930 | D:1      | Reached skill level 7 in Bows
  1025 | D:2      | Reached XP level 4. HP: 37/48 MP: 5/5
  1148 | D:2      | Reached skill level 8 in Bows
  1178 | D:2      | Gained mutation: You can fly continuously. Your speed and
                  | evasion are boosted while flying. [Tengu growth]
  1178 | D:2      | Reached XP level 5. HP: 56/56 MP: 6/6
  1323 | D:2      | Reached skill level 9 in Bows
  1359 | D:2      | Noticed Blork the orc
  1396 | D:2      | Killed Blork the orc
  1396 | D:2      | Reached XP level 6. HP: 59/64 MP: 7/7
  1398 | D:2      | Reached skill level 10 in Bows
  1454 | D:2      | Noticed Natasha
  1464 | D:2      | Killed Natasha
  1524 | D:2      | Noticed Jessica
  1529 | D:2      | Killed Jessica
  1602 | D:2      | Reached skill level 11 in Bows
  1671 | D:2      | Reached XP level 7. HP: 72/72 MP: 8/8
  1762 | D:2      | Found an opulent altar of Gozag.
  1762 | D:2      | Found a white marble altar of Elyvilon.
  1768 | D:2      | Reached skill level 12 in Bows
  2283 | D:2      | Reached skill level 13 in Bows
  2299 | D:2      | Noticed Natasha
  2306 | D:2      | Killed Natasha
  2325 | D:2      | Noticed Natasha
  2332 | D:2      | Killed Natasha
  2571 | D:2      | Reached XP level 8. HP: 81/81 MP: 9/9
  3323 | D:3      | Reached skill level 14 in Bows
  3469 | D:3      | Found a shadowy altar of Dithmenos.
  3495 | D:3      | Noticed Eustachio
  3519 | D:3      | Killed Eustachio
  3542 | D:3      | Noticed Sigmund
  3553 | D:3      | Killed Sigmund
  3553 | D:3      | Reached skill level 15 in Bows
  3768 | D:3      | Noticed Prince Ribbit
  3773 | D:3      | Killed Prince Ribbit
  3944 | D:3      | Identified the ring of Javvary {+Fly Stlth-}
  4130 | D:3      | Reached skill level 16 in Bows
  4130 | D:3      | Reached XP level 9. HP: 89/89 MP: 10/10
  4357 | D:4      | Found a staircase to the Ecumenical Temple.
  4367 | D:7      | Connectivity tunneler affected xom_shifter_show.
  4367 | Temple   | Entered the Ecumenical Temple
  5124 | D:4      | Reached skill level 17 in Bows
  5277 | D:4      | Noticed Joseph
  5361 | D:4      | Killed Joseph
  5589 | D:5      | Entered Level 5 of the Dungeon
  5775 | D:5      | Reached skill level 18 in Bows
  5919 | D:5      | Noticed a troll
  5955 | D:5      | Killed a troll
  6021 | D:5      | Reached XP level 10. HP: 97/97 MP: 11/11
  6087 | D:5      | Reached skill level 19 in Bows
  6117 | D:5      | Found a hazy altar of Hepliaklqana.
  6129 | D:5      | Noticed a two-headed ogre
  6137 | D:5      | Killed a two-headed ogre
  6249 | D:5      | Noticed a death yak
  6249 | D:5      | Noticed a death yak
  6249 | D:5      | Noticed a death yak
  6433 | D:5      | Found a staircase to the Lair.
  6453 | D:5      | Found a stormy altar of Qazlal.
  6639 | D:5      | Noticed a death yak
  6639 | D:5      | Noticed a death yak
  6680 | D:5      | Killed a death yak
  6734 | D:5      | Killed a death yak
  6734 | D:5      | Reached skill level 5 in Dodging
  6774 | D:5      | Noticed a death yak
  6774 | D:5      | Noticed a death yak
  6789 | D:5      | Killed a death yak
  6851 | D:5      | Killed a death yak
  6892 | D:5      | Killed a death yak
  7354 | D:5      | Killed a death yak
  7481 | D:6      | Reached XP level 11. HP: 105/105 MP: 12/12
  7654 | Lair:1   | Entered Level 1 of the Lair of Beasts
  7723 | Lair:1   | Noticed a seven-headed hydra
  7737 | Lair:1   | Killed a seven-headed hydra
  7783 | Lair:1   | Noticed a four-headed hydra
  7789 | Lair:1   | Killed a four-headed hydra
  8139 | Lair:1   | Noticed a boulder beetle
  8325 | Lair:1   | Killed a boulder beetle
  8417 | Lair:1   | Reached skill level 10 in Dodging
  8550 | Lair:1   | Identified a scroll of acquirement
  8582 | Lair:1   | Noticed a five-headed hydra
  8589 | Lair:1   | Killed a five-headed hydra
  8606 | Lair:1   | HP: 3/105 [black mamba (9)]
  8611 | Lair:1   | HP: 2/105 [poisoned by a black mamba]
  8616 | Lair:1   | HP: 2/105 [poisoned by a black mamba]
  8617 | Lair:1   | Killed from afar by a blink frog

Illustrated notes

Levels and vault maps discovered:
D:1:      dpeg_arrival_connections, layout_basic, hangedman_glass_teeth,
          serial_bayou_pond_e
D:2:      layout_sewer, gammafunk_temple_overflow_wave, serial_curves,
          eino_curves_02, eino_curves_02, uniq_jessica, uniq_blork_the_orc,
          uniq_natasha
D:3:      layout_loops_cross, nicolae_dithmenos_through_a_glass_darkly,
          first_ration, bcadren_nooodl_food_pyramid, uniq_eustachio,
          uniq_sigmund, uniq_prince_ribbit1
D:4:      layout_basic, temple_green, uniq_joseph
D:5:      layout_stronghold, kennysheep_little_box, kennysheep_mini,
          dpeg_lair_monsters
D:6:      layout_basic, lemuel_zombie_altar_kikubaaqudgha, orc_0_dummy,
          basic_altar
Temple:   cyrus_circular_temple
Lair:1:   layout_long_grid

Skill      XL: |  1  2  3  4  5  6  7  8  9 10 11 |
---------------+----------------------------------+-----
Bows           | 5 6 7 8 9 11 13 16 18 19 | 19.0
Dodging        | 7 10 | 10.4
Fighting       | |  2.0
Stealth        | |  1.0

Action                   |  1- 3 |  4- 6 |  7- 9 | 10-12 || total
-------------------------+-------+-------+-------+-------++-------
Melee: Short sword       |       |     1 |    13 |       ||    14
       Unarmed           |       |     1 |    22 |    22 ||    45
       Kick              |       |     1 |    11 |     9 ||    21
       Tailslap          |       |       |     4 |     7 ||    11
       Long sword        |       |       |    14 |    24 ||    38
       Flail             |       |       |     1 |       ||     1
 Fire: Shortbow          |    72 |   155 |   593 |   490 ||  1310
Throw: Stone             |       |       |       |     4 ||     4
       Skull             |       |       |       |     2 ||     2
       Rusty metal       |       |       |       |     1 ||     1
       Bone              |       |       |       |     1 ||     1
 Abil: Fly               |       |     1 |       |       ||     1
Evoke: Wand              |       |       |       |     2 ||     2
  Use: Potion            |       |       |     1 |     2 ||     3
       Scroll            |       |       |       |     2 ||     2
  Eat: Chunk             |       |     1 |     9 |     5 ||    15
Armor: Leather armour    |     8 |     7 |    18 |       ||    33
       Troll leather     |       |       |       |     7 ||     7
Dodge: Dodged            |     2 |     8 |    35 |    18 ||    63
       Rpst.: Long sword |       |       |     1 |     2 ||     3
